 Dungeon Crawl Stone Soup version 0.31-a0-636-ge1c0e020e0 (webtiles) character file.

Game seed: 17959280875669257148

2 rvierbuc the Conjurer (level 1, 0/13 HPs)
             Began as a Demonspawn Conjurer on Aug 26, 2023.
             Slain by a gnoll
             ... wielding a +0 whip
              (8 damage)
             ... on level 1 of the Dungeon.
             The game lasted 00:00:24 (178 turns).

rvierbuc the Conjurer (Demonspawn Conjurer)          Turns: 178, Time: 00:00:25

Health: 0/13       AC:  2    Str:  7    XL:     1   Next: 33%
Magic:  0/3        EV: 12    Int: 19    God:
Gold:   23         SH:  0    Dex: 11    Spells: 3/4 levels left

rFire   . . .        (no weapon)
rCold   . . .        (no shield)
rNeg    . . .        a - +0 robe
rPois   .            (no helmet)
rElec   .            (no cloak)
rCorr   .            (no gloves)
SInv    .            (no boots)
Will    .....        (no amulet)
Stlth   ++           (no ring)
HPRegen 0.22/turn    (no ring)
MPRegen 0.08/turn

%: no passive effects
@: no status effects
A: no striking features
a: no special abilities


You were on level 1 of the Dungeon.
You visited 1 branch of the dungeon, and saw 1 of its levels.

You collected 23 gold pieces.

Inventory:

Armour
 a - a +0 robe (worn)
Potions
 b - a potion of magic
 c - a potion of curing {unknown}


   Skills:
 + Level 1.7 Dodging
 + Level 1.7 Stealth
 + Level 2.0 Spellcasting
 + Level 4.1 Conjurations


You had 3 spell levels left.
You knew the following spells:

 Your Spells              Type           Power      Damage    Failure   Level
a - Magic Dart            Conj           68%        1d6       3%          1

Your spell library contained the following spells:

 Spells                   Type           Power      Damage    Failure   Level
 Searing Ray              Conj           34%        2d5       4%          2
 Dazzling Flash           Conj/Hex       18%        N/A       22%         3
 Fulminant Prism          Conj/Hex       4%         3d5       58%         4
 Iskenderun's Mystic Bla  Conj/Tloc      9%         2d4       58%         4


Dungeon Overview and Level Annotations

Branches:
Dungeon (1/15)

Altars:


Message History

The hobgoblin is almost dead.
The magic dart hits the hobgoblin.
You kill the hobgoblin!
Magic restored.
A kobold comes into view. It is wielding a +0 dagger.
The kobold moves out of view.
The magic dart hits the kobold.
You kill the kobold!
Things that are here:
a +0 dagger; a kobold corpse
Found a stone staircase leading down.
You now have 23 gold pieces (gained 7).
Found an escape hatch in the floor.
c - a blue potion
Found a hand axe.
A gnoll comes into view. It is wielding a +0 whip.
Found a stone staircase leading down.
A gnoll is nearby!
The magic dart hits the gnoll.
The gnoll is lightly wounded.
The gnoll shouts!
The magic dart hits the gnoll.
The gnoll is heavily wounded.
The magic dart hits the gnoll.
The gnoll is heavily wounded.
You are out of magic!
You are out of magic!
You are out of magic!
The magic dart hits the gnoll.
The gnoll is severely wounded.
A gnoll is nearby!
The magic dart hits the gnoll.
The gnoll is almost dead.
The gnoll misses you. The gnoll hits you with a +0 whip.
The gnoll attacks as it pursues you! The gnoll closely misses you.
The gnoll attacks as it pursues you! The gnoll misses you.
The gnoll attacks as it pursues you! The gnoll hits you with a +0 whip!
Ouch! That really hurt!
You die...

.### ####...............# .#
##...#.......#..# .#
#..###.....###.# .#
#...#.......#..# .#
##.............# #### .#
#.....<#......# #... ##
#.....###.....######.##
#.....g#>........##..# #
#.....@.......##....## #####
#..#.......#..##..###
....#######.###.....###.##..#
#.#.. .......#.......#..#....
#.#.# #.......................
..#.# #................#)....
....#########.##################
##..#.....###.######
##................#


You could see a gnoll.

Vanquished Creatures
  A hobgoblin (D:1)
  A kobold (D:1)
2 creatures vanquished.

Notes
Turn   | Place    | Note
-------+----------+-------------------------------------------
     0 | D:1      | rvierbuc the Demonspawn Conjurer began the quest for the
                  | Orb.
     0 | D:1      | Reached XP level 1. HP: 13/13 MP: 3/3
   178 | D:1      | Slain by a gnoll

Illustrated notes

Levels and vault maps discovered:
D:1:      minmay_arrival_five_plusses, layout_basic

Action                     || total
---------------------------++-------
   Cast: Magic Dart        ||     8
  Dodge: Dodged            ||     3

Table legend: (Time is in decaauts)
 A = Elapsed time spent in this place.
 B = Non-inter-level travel time spent in this place.
 C = Inter-level travel time spent in this place.
 D = Time resting spent in this place.
 E = Time spent auto-exploring this place.
 F = Levels seen in this place.
 G = Mean time per level.
                   A        B        C        D        E       F      G
               +--------+--------+--------+--------+--------+-----+--------+
         Total |    178 |    178 |      0 |      0 |    133 |   1 |  178.0 |
       Dungeon |    178 |    178 |      0 |      0 |    133 |   1 |  178.0 |
               +--------+--------+--------+--------+--------+-----+--------+

Top non-repeatable levels by time:
     D:1: 178 daAuts
